 Dungeon Crawl Stone Soup version 0.22.1-1-ga44c0e56f4 (webtiles) character file.

126 Gargoyl the Skirmisher (level 4, -8/38 HPs)
             Began as a Centaur Abyssal Knight on Oct 8, 2018.
             Was a Believer of Lugonu.
             Mangled by xpt754's ghost (14 damage)
             ... on level 3 of the Dungeon.
             The game lasted 00:03:29 (2211 turns).

Gargoyl the Skirmisher (Centaur Abyssal Knight)     Turns: 2211, Time: 00:03:29

Health: -8/38      AC:  6    Str: 12    XL:     4   Next: 84%
Magic:  6/6        EV:  7    Int: 11    God:    Lugonu [**....]
Gold:   69         SH:  0    Dex: 14    Spells: 3/3 levels left

rFire    . . .     SeeInvis .   d - +7 glaive of Sysel {freeze, rC+ rN+ Str-3 Dex+5}
rCold    + . .     Gourm    .   (shield currently unavailable)
rNeg     + . .     Faith    .   h - +0 scale mail
rPois    .         Spirit   .   (no helmet)
rElec    .         Reflect  .   (no cloak)
rCorr    .         Harm     .   (no gloves)
MR       .....                  (no barding)
Stlth    ..........             (no amulet)
HPRegen  0.12/turn              (no ring)
MPRegen  0.10/turn              (no ring)

@: very quick
A: large, hooves 3, deformed body, speed 2, tough skin 3
a: Depart the Abyss, Bend Space, Renounce Religion


You were on level 3 of the Dungeon.
You worshipped Lugonu.
Lugonu was pleased with you.
You were hungry.

You visited 1 branch of the dungeon, and saw 3 of its levels.
You visited the Abyss 1 time.

You collected 69 gold pieces.

Inventory:

Hand Weapons
 a - a +1 hand axe
 d - the +7 glaive of Sysel (weapon) {freeze, rC+ rN+ Str-3 Dex+5}
   (You found it on level 2 of the Abyss)

   It has been specially enchanted to freeze those struck by it, causing extra
   injury to most foes and up to half again as much damage against particularly
   susceptible opponents.
   It can also slow down cold-blooded creatures.
   It affects your strength (-3).
   It affects your dexterity (+5).
   It protects you from cold.
   It protects you from negative energy.
Armour
 h - a +0 scale mail (worn)
Scrolls
 b - a scroll of amnesia
 e - a scroll of identify
 f - a scroll of remove curse
Potions
 g - a potion of cancellation {unknown}
Comestibles
 c - 5 rations


   Skills:
 + Level 3.5 Fighting
 + Level 1.7(2.3) Axes
 + Level 2.1(2.4) Polearms
 * Level 2.2 Armour
 + Level 1.1 Dodging
 * Level 2.9 Invocations


You had 3 spell levels left.
You didn't know any spells.
Your spell library was empty.

Dungeon Overview and Level Annotations

Branches:
Dungeon (3/15)

Altars:
Makhleb

Annotations:
D:3 xpt754's ghost, amateur TrFi


Innate Abilities, Weirdness & Mutations

You have hooves in place of feet.
Armour fits poorly on your strangely shaped body.
You cover ground very quickly.
You have extremely tough skin. (AC +3)


Message History

Found 5 large rocks.
Attack whom?
Press: ? - help, Dir - move target cursor, f - xpt754's ghost
Aim: xpt754's ghost You reach to attack!
You hit xpt754's ghost. You freeze xpt754's ghost.
Xpt754's ghost is lightly damaged.
Xpt754's ghost barely misses you.
You hit xpt754's ghost. You freeze xpt754's ghost.
Your kick misses xpt754's ghost.
Xpt754's ghost is lightly damaged.
Xpt754's ghost hits you. Xpt754's ghost hits you!
You hit xpt754's ghost. You freeze xpt754's ghost.
Xpt754's ghost is moderately damaged.
Xpt754's ghost hits you!
You closely miss xpt754's ghost.
Xpt754's ghost is moderately damaged.
Xpt754's ghost hits you!
* * * LOW HITPOINT WARNING * * *
Xpt754's ghost hits you!
You die...

.....##.## #.# #.#
#...........##.#######.#
###..... #............#
.......#
.##..#.######### .####.#
#........# ...##.#
########.# ....#.# ###
###.# ....#.##
#.(..♣#..# _.....(#
#.(...#@.# ....#..#
#...(.'W(# ....#..#
#(....'..# ...##..#
#..(..'.## .####..#
#8...(#.# .......#
#.....#.# ..###..#
######### .## #.## ##
#.#


You could see xpt754's ghost.

Vanquished Creatures
  A gnoll (D:1)
  7 adders
  An ooze (D:1)
  4 worms (D:2)
  2 leopard geckos
  8 bats
  2 hobgoblins (D:1)
  2 jackals (D:1)
  4 kobolds
  3 frilled lizards
  3 goblins (D:1)
  5 rats
42 creatures vanquished.

Notes
Turn   | Place    | Note
-------+----------+-------------------------------------------
     0 | Abyss:1  | Gargoyl the Centaur Abyssal Knight began the quest for the
                  | Orb.
     0 | Abyss:1  | Reached XP level 1. HP: 19/19 MP: 2/2
    69 | Abyss:2  | Noticed a hellwing
    73 | Abyss:2  | Got a bloodstained glaive
    74 | D:1      | Escaped the Abyss
    75 | D:1      | Identified the +7 glaive of Sysel {freeze, rC+ rN+ Str-3
                  | Dex+5} (You found it on level 2 of the Abyss)
   315 | D:1      | Reached * piety under Lugonu
   357 | D:1      | Reached XP level 2. HP: 22/26 MP: 3/3
   630 | D:1      | Reached XP level 3. HP: 30/31 MP: 4/4
  1028 | D:2      | Reached skill level 1 in Polearms
  1282 | D:2      | Reached skill level 1 in Dodging
  1389 | D:2      | Reached XP level 4. HP: 32/38 MP: 4/6
  1796 | D:2      | Reached ** piety under Lugonu
  2085 | D:3      | Found a burning altar of Makhleb.
  2201 | D:3      | Found a runed gate.
  2201 | D:3      | Found a runed gate.
  2201 | D:3      | Found a runed gate.
  2206 | D:3      | Noticed xpt754's ghost (amateur TrFi)
  2211 | D:3      | Mangled by xpt754's ghost

Skill      XL: |  1  2  3  4 |
---------------+-------------+-----
Polearms       | 1 2 |  2.1
Armour         | 2 |  2.2
Dodging        | 1 |  1.1
Fighting       | |  3.5
Axes           | |  1.7
Invocations    | |  2.9

Action                   |  1- 3 |  4- 6 || total
-------------------------+-------+-------++-------
Melee: Glaive            |    63 |    26 ||    89
       Kick              |    11 |     1 ||    12
Invok: Depart the Abyss  |     1 |       ||     1
  Use: Scroll            |     5 |     2 ||     7
       Potion            |     1 |       ||     1
  Eat: Chunk             |     1 |     1 ||     2
Armor: Leather armour    |    27 |    13 ||    40
       Scale mail        |       |     1 ||     1
Dodge: Dodged            |    45 |    12 ||    57
